 Dungeon Sprint DCSS version 0.20.1-1-g8b1a95d (webtiles) character file.

35 digijack the Charmwright (level 3, -1/24 HPs)
             Began as a Halfling Skald on Oct 8, 2017.
             Slain by a human (7 damage)
             ... in the Dungeon (Sprint III: "The Ten Rune Challenge").
             The game lasted 00:03:28 (236 turns).

digijack the Charmwright (Halfling Skald)            Turns: 236, Time: 00:03:28

Health: -1/24      AC:  3    Str: 12    XL:     3   Next: 55%
Magic:  3/6        EV: 15    Int: 12    God:
Gold:   0          SH:  0    Dex: 13    Spells: 5/6 levels left

rFire    . . .     SeeInvis .   l - +3 dagger
rCold    . . .     Gourm    .   (shield restricted)
rNeg     . . .     Faith    .   b - +0 leather armour
rPois    .         Spirit   .   (no helmet)
rElec    .         Reflect  .   (no cloak)
rCorr    .         Harm     .   (no gloves)
MR       .....     NoTele   +   (no boots)
Stlth    ++........             (no amulet)
Regen    0.1/turn               (no ring)
MPRegen  0.1/turn               (no ring)

@: infused
A: mutation resistance 1
a: no special abilities


You were in the Dungeon.
You were not hungry.

You visited 1 branch

Inventory:

Hand Weapons
 a - a +0 hand axe
 l - a +3 dagger (weapon)
Missiles
 k - 20 sling bullets
 n - 13 stones (quivered)
Armour
 b - a +0 leather armour (worn)
 m - a +2 robe of magic resistance
Scrolls
 j - a scroll of blinking
Potions
 e - a potion of curing
 f - a potion of heal wounds
 g - a potion of haste
 h - 2 potions of magic
 i - a potion of berserk rage
Books
 c - a book of Battle

   Spells                             Type                      Level
   a - Infusion                       Charms                       1
   b - Shroud of Golubria             Charms/Translocation         2
   c - Song of Slaying                Charms                       2
   d - Spectral Weapon                Hexes/Charms                 3
   e - Regeneration                   Charms/Necromancy            3
Comestibles
 d - a bread ration


   Skills:
 + Level 2.2 Fighting
 * Level 0.5 Short Blades
 - Level 3.0 Axes
 - Level 1.2 Armour
 * Level 3.3 Dodging
 * Level 2.3 Stealth
 + Level 2.4 Spellcasting
 + Level 5.2 Charms


You had 5 spell levels left.
You knew the following spells:

 Your Spells              Type           Power        Failure   Level  Hunger
a - Infusion              Chrm           ##..         3%          1    ##.....


Dungeon Overview and Level Annotations

Branches:
Dungeon (1/1)

Altars:


Innate Abilities, Weirdness & Mutations

You are small and have problems with some larger weapons.
You are somewhat resistant to further mutation.


Message History

You hit the human.
The human is lightly wounded.
The human completely misses you.
You barely miss the human.
The human is lightly wounded.
The human barely misses you.
You hit the human.
The human is lightly wounded.
The human completely misses you.
You miss the human.
The human is lightly wounded.
The human hits you.
* * * LOW HITPOINT WARNING * * *
You completely miss the human.
The human is lightly wounded.
The human completely misses you.
You hit the human.
The human is moderately wounded.
The human hits you!
You die...

▓▓▓▓ ▓▓▓▓▓▓▓
▓<.# +..... ▓..#
#....♣♣♣
▓#'####....♣.♣
▓.....#....≈.♣
▓.....#.@.≈≈♣♣
▓.....#.p≈≈≈≈♣♣♣
▓####'#..≈≈≈≈≈≈♣
▓.....#.≈≈≈≈≈≈..
▓.....#.≈≈≈≈≈...
▓.....#.≈≈≈.....
▓'#####.........
▓...............
▓▓▓▓▓▓▓▓▓▓▓▓▓▓▓▓


You could see a human.

Vanquished Creatures
  Jessica (D)
  An ooze (D)
  A phantom (D)
  2 rats (D)
5 creatures vanquished.

Vanquished Creatures (others)
  2 draconian scorchers (D)
  6 hellions (D)
  A yaktaur (D)
  A plant (D)
10 creatures vanquished.

Grand Total: 15 creatures vanquished

Notes
Turn   | Place    | Note
-------+----------+-------------------------------------------
     0 | D        | digijack the Halfling Skald began the quest for the Orb.
     0 | D        | Reached XP level 1. HP: 14/14 MP: 3/3
    11 | D        | Reached skill level 4 in Charms
    50 | D        | Reached XP level 2. HP: 19/19 MP: 4/4
    51 | D        | Noticed Jessica
    57 | D        | Killed Jessica
    57 | D        | Reached skill level 5 in Charms
    57 | D        | Reached XP level 3. HP: 13/24 MP: 4/6
    88 | D        | Killed a hellion
   122 | D        | Killed a hellion
   123 | D        | Killed a hellion
   124 | D        | Killed a hellion
   125 | D        | Killed a hellion
   136 | D        | Killed a yaktaur
   144 | D        | Killed a hellion
   175 | D        | Killed a white draconian scorcher
   204 | D        | Killed a white draconian scorcher
   236 | D        | Slain by a human

Skill      XL: |  1  2 |
---------------+-------+-----
Fighting       | 2 |  2.2
Charms         | 4 5 |  5.2
Axes           | 3 |  3.0
Dodging        | 3 |  3.3
Stealth        | 2 |  2.3
Spellcasting   | 2 |  2.4
Short Blades   | |  0.5
Armour         | |  1.2

Action                   || total
-------------------------++-------
Melee: Hand axe          ||    11
       Dagger            ||    16
 Cast: Infusion          ||     2
 Stab: Sleeping          ||     1
Armor: Leather armour    ||     1
Dodge: Dodged            ||    17
